 Dungeon Crawl Stone Soup version 0.31-a0-208-gdb31a4691d (webtiles) character file.

Game seed: 14894649274906674361

1290 garrulousMonolith the Chopper (level 8, -1/42 HPs)
             Began as a Vine Stalker Berserker on June 28, 2023.
             Was a Priest of Trog.
             Slain by a gnoll
             ... wielding a +0 halberd
             ... led by a gnoll bouda
              (6 damage)
             ... on level 6 of the Dungeon.
             The game lasted 00:06:00 (5052 turns).

garrulousMonolith the Chopper (VSBe)                Turns: 5052, Time: 00:06:00

Health: -1/42      AC: 11    Str: 22    XL:     8   Next: 55%
Magic:  0/9        EV:  9    Int:  7    God:    Trog [***...]
Gold:   333        SH:  5    Dex: 14    Spells: 7/7 levels left

rFire   . . .        r - +0 broad axe
rCold   . . .        (no shield)
rNeg    . . .        a - +0 storm dragon scales
rPois   .            (no helmet)
rElec   +            (no cloak)
rCorr   .            (no gloves)
SInv    .            (no boots)
Will    ++++.        g - amulet of reflection Stlth
                     e - ring of willpower
HPRegen 2.07/turn    (no ring)
MPRegen 0.11/turn

%: reflection, guardian spirit
@: lethally poisoned (-1 -> -2), strong-willed, regenerating
A: fangs 3, regeneration 1, magic shield, antimagic bite, no potion heal 2
a: Renounce Religion, Berserk, Trog's Hand


You were on level 6 of the Dungeon.
You worshipped Trog.
Trog was most pleased with you.
You visited 2 branches of the dungeon, and saw 7 of its levels.

You collected 333 gold pieces.

Inventory:

Hand Weapons
 r - a +0 broad axe (weapon)
Missiles
 o - 11 poisoned darts (quivered)
Armour
 a - +0 storm dragon scales (worn)
 j - a +0 plate armour
Jewellery
 e - a ring of willpower (left hand)
 g - an amulet of reflection (around neck)
 w - a ring of poison resistance
Wands
 b - a wand of flame (51)
Scrolls
 c - a scroll of poison
 d - a scroll of vulnerability
 f - a scroll of revelation
 h - a scroll of noise
 i - a scroll of blinking
 k - a scroll of butterflies
 n - 6 scrolls of teleportation
 q - a scroll of fog
Potions
 l - a potion of degeneration {unknown}
 m - 2 potions of attraction
 p - 2 potions of lignification
 s - a potion of magic {unknown}
 t - 2 potions of resistance
 u - a potion of curing {unknown}


   Skills:
 + Level 4.9 Fighting
 * Level 6.4 Axes
 + Level 4.0 Armour
 + Level 4.0 Dodging


You had 7 spell levels left.
You didn't know any spells.
Your spell library was empty.

Dungeon Overview and Level Annotations

Branches:
Dungeon (6/15)             Temple (1/1) D:4

Altars:
Ashenzari
Cheibriados
Dithmenos
Elyvilon
Fedhas
Kikubaaqudgha
Makhleb
Okawaru
Ru
Sif Muna
Uskayaw
Wu Jian
Xom
Yredelemnul
Zin

Shops:
D:2 (


Innate Abilities, Weirdness & Mutations

You have razor-sharp teeth.
Your natural rate of healing is unusually fast.
When hurt, damage is shared between your health and your magic reserves.
Your bite disrupts and absorbs the magic of your enemies.
Potions cannot restore your health.


Message History

Your skin crawls.
You feel strong-willed.
You feel very sick.
The water moccasin bites you but does no damage.
The scorpion stings you but does no damage.
The gnoll hits you from afar with a +0 halberd.
The water moccasin bites you but does no damage.
You slash the scorpion!
You kill the scorpion!
Trog accepts your kill.
You hit the water moccasin but do no damage.
You feel sick.
The water moccasin bites you but does no damage.
The gnoll hits you from afar with a +0 halberd!
You block the gnoll's attack.
Your Armour skill increases to level 4!
Your Dodging skill increases to level 4!
You slash the gnoll! Your bite misses the gnoll.
The gnoll is severely wounded.
You barely miss the water moccasin.
You feel sick.
The water moccasin bites you but does no damage.
The gnoll barely misses you. The gnoll hits you but does no damage.
You block the water moccasin's attack.
The gnoll hits you from afar with a +0 halberd!
You barely miss the gnoll.
The gnoll is severely wounded.
You miss the water moccasin.
You feel sick. The water moccasin bites you!
* * * LOW HITPOINT WARNING * * *
You are more poisoned.
The water moccasin poisons you! The gnoll hits you but does no damage.
The gnoll barely misses you.
The water moccasin bites you but does no damage.
You slash the gnoll!
You kill the gnoll!
Trog accepts your kill.
You barely miss the water moccasin.
You feel very sick.
The water moccasin bites you but does no damage.
The gnoll hits you from afar with a +0 halberd!
You die...

#.....### #.......#
#.###.# #.......#
######.###.# #........
#....#...#+#####
#........
#..............###
#######..
#................
..... #..............#
. ......
#.............S###....
.....##
#.............@)l.....
.....
#............###g###..
..... #......[.....# #
#....#####.#.###
#....# #.....+ ######
###.### #.# #.# #..


You could see a water moccasin, an iguana and a gnoll (swift).

Vanquished Creatures
  Sigmund (D:2)
  Menkaure (D:4)
  An ice beast (D:6)
  A centaur (D:5)
  A phantom (D:5)
  A scorpion (D:6)
  A howler monkey (D:5)
  A hound (D:5)
  4 orc priests
  A gnoll bouda (D:6)
  A jelly (D:5)
  2 sleepcaps
  2 iguanas
  3 orc wizards
  Natasha (thrice) (D:3)
  7 gnolls
  4 adders
  2 worms
  17 orcs
  8 bats
  7 endoplasms
  4 giant cockroaches
  7 goblins
  10 hobgoblins
  6 jackals (D:1)
  5 quokkas
  9 ball pythons
  2 frilled lizards
  8 kobolds
  5 rats
125 creatures vanquished.

Notes
Turn   | Place    | Note
-------+----------+-------------------------------------------
     0 | D:1      | garrulousMonolith the Vine Stalker Berserker began the
                  | quest for the Orb.
     0 | D:1      | Reached XP level 1. HP: 11/11 MP: 2/2
    86 | D:1      | Reached XP level 2. HP: 16/16 MP: 0/3
    90 | D:1      | Reached skill level 3 in Axes
   487 | D:1      | Reached XP level 3. HP: 17/19 MP: 4/4
   574 | D:1      | Reached ** piety under Trog
  1121 | D:2      | Noticed Sigmund
  1137 | D:2      | Killed Sigmund
  1138 | D:2      | Reached skill level 4 in Axes
  1138 | D:2      | Gained mutation: Your natural rate of healing is unusually
                  | fast. [Vine Stalker growth]
  1138 | D:2      | Reached XP level 4. HP: 17/24 MP: 3/5
  1138 | D:2      | Reached XP level 5. HP: 20/28 MP: 3/6
  1536 | D:2      | Found Sirhie's Weapon Shop.
  1827 | D:2      | Reached XP level 6. HP: 32/32 MP: 5/7
  2204 | D:3      | Noticed Natasha
  2216 | D:3      | Killed Natasha
  2315 | D:3      | Noticed Natasha
  2328 | D:3      | Killed Natasha
  2373 | D:3      | Noticed Natasha
  2381 | D:3      | Killed Natasha
  3099 | D:4      | Reached XP level 7. HP: 37/37 MP: 6/8
  3123 | D:4      | Found a staircase to the Ecumenical Temple.
  3137 | Temple   | Entered the Ecumenical Temple
  3363 | D:4      | Reached *** piety under Trog
  3462 | D:4      | Reached skill level 5 in Axes
  3847 | D:4      | Noticed Menkaure
  3856 | D:4      | Killed Menkaure
  3974 | D:5      | Entered Level 5 of the Dungeon
  4369 | D:5      | Found an ornate altar of the Wu Jian Council.
  4400 | D:5      | Gained mutation: You have razor-sharp teeth. [Vine Stalker
                  | growth]
  4400 | D:5      | Reached XP level 8. HP: 42/42 MP: 7/9
  4528 | D:5      | Found a blossoming altar of Fedhas.
  4528 | D:5      | Found a faded altar of an unknown god.
  4536 | D:5      | Found a white marble altar of Elyvilon.
  4538 | D:5      | Found a snail-covered altar of Cheibriados.
  4540 | D:5      | Found a burning altar of Makhleb.
  4895 | D:6      | Reached skill level 6 in Axes
  5052 | D:6      | Slain by a gnoll

Illustrated notes

Levels and vault maps discovered:
D:1:      nzn_arrival_crosshair, layout_loops_ring
D:2:      cheibrodos_pilgrimage, layout_basic, serial_shops,
          nicolae_shop_hallway_plus, nicolae_hexahallways, uniq_sigmund
D:3:      layout_basic, kennysheep_generic_room_5, uniq_natasha
D:4:      layout_cave_pools, minmay_temple_entry_statues_pillars, uniq_menkaure
D:5:      layout_basic, chequers_temple_overflow_minitemple,
          mainiacjoe_overflow_alcove_2, kennysheep_cross_room
D:6:      layout_basic, lemuel_doored_altar, gammafunk_ghost_icy
Temple:   nicolae_temple_bog_church

Skill      XL: |  1  2  3  4  5  6  7  8 |
---------------+-------------------------+-----
Axes           | 3 4 5 6 |  6.4
Fighting       | 3 4 |  4.9
Dodging        | 2 3 4 |  4.0
Armour         | 2 3 4 |  4.0

Action                     |  1- 3 |  4- 6 |  7- 9 || total
---------------------------+-------+-------+-------++-------
  Melee: Hand axe          |    95 |   127 |     5 ||   227
         Bite              |    27 |    28 |    31 ||    86
         Punch             |     1 |     1 |     2 ||     4
         Broad axe         |       |       |   109 ||   109
 Invoke: Berserk           |     2 |     2 |     1 ||     5
         Trog's Hand       |     1 |     2 |     1 ||     4
    Use: Potion            |     1 |       |       ||     1
         Scroll            |       |     2 |    10 ||    12
 Armour: Animal skin       |    10 |       |       ||    10
         Chain mail        |    18 |    17 |       ||    35
         Plate armour      |       |    79 |    11 ||    90
         Storm dragon scal |       |       |    56 ||    56
  Dodge: Dodged            |    55 |    36 |    55 ||   146
  Block: Other             |       |       |    23 ||    23
         Reflection        |       |       |     1 ||     1

Table legend: (Time is in decaauts)
 A = Elapsed time spent in this place.
 B = Non-inter-level travel time spent in this place.
 C = Inter-level travel time spent in this place.
 D = Time resting spent in this place.
 E = Time spent auto-exploring this place.
 F = Levels seen in this place.
 G = Mean time per level.
                   A        B        C        D        E       F      G
               +--------+--------+--------+--------+--------+-----+--------+
         Total |   5157 |   4990 |    167 |    762 |   3379 |   7 |  736.7 |
       Dungeon |   4967 |   4817 |    150 |    762 |   3213 |   6 |  827.8 |
        Temple |    189 |    172 |     17 |      0 |    166 |   1 |  189.0 |
               +--------+--------+--------+--------+--------+-----+--------+

Top non-repeatable levels by time:
     D:2: 1386 daAuts
     D:4: 958 daAuts
     D:5: 875 daAuts
     D:1: 816 daAuts
     D:3: 706 daAuts
     D:6: 225 daAuts
  Temple: 189 daAuts
